 Dungeon Crawl Stone Soup version 0.31-a0-1589-g8f5e8aebd6 (webtiles) character file.

Game seed: 11362176681713423667

175 BigPumpCobain the Ruffian (level 5, 0/45 HPs)
             Began as a Naga Shapeshifter on Jan 6, 2024.
             Was an Initiate of the Shining One.
             Slain by a jelly (3 damage)
             ... on level 3 of the Dungeon.
             The game lasted 00:03:55 (2574 turns).

BigPumpCobain the Ruffian (Naga Shapeshifter)       Turns: 2574, Time: 00:03:56

Health: 0/45       AC: -5    Str: 19    XL:     5   Next: 55%
Magic:  5/5        EV:  9    Int: 16    God:    the Shining One [......]
Gold:   182        SH:  0    Dex: 10    Spells: 4/4 levels left

rFire   . .          .
                       - Unarmed
rCold   . . .        (no shield)
rNeg    . . .        a - +0 animal skin
rPois   +            (helmet currently unavailable)
rElec   .            (cloak currently unavailable)
rCorr   .            (gloves currently unavailable)
SInv    +            (no barding)
Will    .....        f - amulet of the acrobat
Stlth   +            e - +6 ring of intelligence
HPRegen 0.27/turn    (no ring)
MPRegen 0.09/turn

%: acrobat
@: beast-form, corroded, glowing, very slow
A: beast (slay +1), AC +1, large, see invisible, deformed body, poison
resistance, slowness 2, spit poison 1, naga tail 1
a: Spit Poison, Begin Untransformation, Renounce Religion


You were on level 3 of the Dungeon.
You worshipped the Shining One.
The Shining One was noncommittal.
You were a hulking beast.
You visited 1 branch of the dungeon, and saw 3 of its levels.

You collected 182 gold pieces.

Inventory:

Armour
 a - a +0 animal skin (worn)
Jewellery
 e - a +6 ring of intelligence (left hand)
 f - an amulet of the acrobat (around neck)
Talismans
 c - a beast talisman
 d - a flux talisman
Scrolls
 h - 2 scrolls of teleportation {unknown}
 k - 2 scrolls of blinking {unknown}
 n - 3 scrolls of enchant armour {unknown}
Potions
 b - 2 potions of lignification
 g - 2 potions of brilliance {unknown}
 i - a potion of curing {unknown}
 j - a potion of degeneration {unknown}
 l - a potion of heal wounds {unknown}
 m - a potion of might {unknown}


   Skills:
 + Level 1.7 Fighting
 - Level 1.7 Dodging
 + Level 3.6 Stealth
 * Level 4.8 Unarmed Combat
 + Level 1.0 Invocations
 + Level 3.2 Shapeshifting


You had 4 spell levels left.
You didn't know any spells.
Your spell library contained the following spells:

 Spells                   Type           Power      Damage    Failure   Level
 Cigotuvi's Dreadful Rot  Necr/Alch/Air  0%         N/A       36%         2
 Ignite Poison            Fire/Alch      0%         N/A       94%         4
 Freezing Cloud           Conj/Ice/Air   0%         6-21      100%        5


Dungeon Overview and Level Annotations

Branches:
Dungeon (3/15)

Altars:
Qazlal
The Shining One


Innate Abilities, Weirdness & Mutations

You are a hulking beast.
Your limbs bulge with bestial killing power. (Slay +1)
Your serpentine skin is tough. (AC +1)
You have supernaturally acute eyesight. (SInv)
Armour fits poorly on your strangely shaped body.
Your system is resistant to poisons. (rPois)
You cover ground very slowly.
You can spit poison.
You have a snake-like lower body.


Message History

* * * LOW HITPOINT WARNING * * *
The jelly is severely wounded.
You have got your breath back.
The jelly barely misses you.
You hit the jelly.
You kill the jelly!
Your Invocations skill increases to level 1!
You start resting.
You are no longer corroded.
You start resting.
The jelly jiggles. x3
HP restored.
You open the door.
Aiming: Spit Poison (1% risk of failure)
Press: ? - help, Shift-Dir - straight line, f - jelly
Aim: a jelly (100% to hit)
The splash of poison hits the jelly.
The jelly is lightly wounded.
The jelly barely misses you.
You punch the jelly!
Your hands burn!
The jelly is heavily wounded.
The jelly hits you. The acid corrodes you!
You are splashed with acid!
You hit the jelly but do no damage.
Your hands burn!
The jelly is heavily wounded.
The jelly hits you.
You are splashed with acid.
You hit the jelly. The acid corrodes you!
Your hands burn!
The jelly is severely wounded.
The jelly barely misses you.
You hit the jelly but do no damage.
Your hands burn!
The jelly is severely wounded.
The jelly hits you.
* * * LOW HITPOINT WARNING * * *
You are splashed with acid!
* * * LOW HITPOINT WARNING * * *
You hit the jelly.
Your hands burn!
* * * LOW HITPOINT WARNING * * *
The jelly is severely wounded.
You have got your breath back.
The jelly hits you.
You die...

#########..........# ##.
.......##..........# #.
.......##..........# ##
.......##..........#
.......##..........+
.......##..........#####
.......##...............
.......'................
.......#####....h.......
#+###### ##'##J##+####
#.##.## #+##+##


You could see a jelly.

Vanquished Creatures
  An orc priest (D:3)
  A jelly (D:3)
  Jessica (D:3)
  3 adders
  A dart slug (D:2)
  2 ribbon worms (D:2)
  3 orcs (D:3)
  9 bats
  4 endoplasms
  3 giant cockroaches
  4 goblins (D:3)
  10 hobgoblins
  3 quokkas
  3 ball pythons
  A frilled lizard (D:2)
  6 rats
55 creatures vanquished.

Notes
Turn   | Place    | Note
-------+----------+-------------------------------------------
     0 | D:1      | BigPumpCobain the Naga Shapeshifter began the quest for the
                  | Orb.
     0 | D:1      | Reached XP level 1. HP: 18/18 MP: 1/1
   227 | D:1      | Reached XP level 2. HP: 20/25 MP: 2/2
   652 | D:1      | Reached skill level 1 in Stealth
  1027 | D:2      | Reached XP level 3. HP: 27/31 MP: 3/3
  1517 | D:2      | Reached skill level 4 in Unarmed Combat
  1831 | D:3      | Reached XP level 4. HP: 38/38 MP: 4/4
  2069 | D:3      | Found a stormy altar of Qazlal.
  2095 | D:3      | Found a glowing golden altar of the Shining One.
  2116 | D:3      | Became a worshipper of the Shining One
  2217 | D:3      | Noticed Jessica
  2221 | D:3      | Killed Jessica
  2284 | D:3      | Reached XP level 5. HP: 32/44 MP: 5/5
  2430 | D:3      | Reached skill level 1 in Invocations
  2574 | D:3      | HP: 2/45 [acid (3)]
  2574 | D:3      | Slain by a jelly

Illustrated notes

Levels and vault maps discovered:
D:1:      dpeg_arrival_pits, layout_loops_corners
D:2:      wad_crossroads, layout_loops_ring
D:3:      layout_basic, tso_altar, grunt_qazlal_sundering, dk_xom_monty_hall,
          uniq_jessica

Skill      XL: |  1  2  3  4  5 |
---------------+----------------+-----
Stealth        | 1 2 3 |  3.6
Unarmed Combat | 4 |  4.8
Invocations    | 1 |  1.0
Fighting       | |  1.7
Dodging        | |  1.7
Shapeshifting  | |  3.2

Action                     |  1- 3 |  4- 6 || total
---------------------------+-------+-------++-------
  Melee: Unarmed           |    93 |    47 ||   140
         Punch             |     3 |       ||     3
Ability: Spit Poison       |     1 |    11 ||    12
    Use: Scroll            |     6 |       ||     6
   Stab: Sleeping          |     3 |       ||     3
 Armour: Animal skin       |    56 |    27 ||    83
  Dodge: Dodged            |    44 |    19 ||    63

Table legend: (Time is in decaauts)
 A = Elapsed time spent in this place.
 B = Non-inter-level travel time spent in this place.
 C = Inter-level travel time spent in this place.
 D = Time resting spent in this place.
 E = Time spent auto-exploring this place.
 F = Levels seen in this place.
 G = Mean time per level.
                   A        B        C        D        E       F      G
               +--------+--------+--------+--------+--------+-----+--------+
         Total |   3274 |   3169 |    105 |    135 |   2637 |   3 | 1091.3 |
       Dungeon |   3274 |   3169 |    105 |    135 |   2637 |   3 | 1091.3 |
               +--------+--------+--------+--------+--------+-----+--------+

Top non-repeatable levels by time:
     D:1: 1245 daAuts
     D:2: 1061 daAuts
     D:3: 968 daAuts
